 Dungeon Crawl Stone Soup version 0.29-a0-830-gcb1280458a (webtiles) character file.

Game seed: 14308475017346103107

72 blackman the Charlatan (level 4, 0/32 HPs)
             Began as a Demonspawn Artificer on July 11, 2022.
             Was a High Priest of Ignis.
             Killed from afar by an orc wizard (2 damage)
             ... with a magic dart
             ... on level 3 of the Dungeon.
             The game lasted 00:06:27 (3171 turns).

blackman the Charlatan (Demonspawn Artificer)       Turns: 3171, Time: 00:06:28

Health: 0/32       AC:  6    Str: 13 (15) XL:     4   Next: 7%
Magic:  4/4        EV: 11    Int: 11 (12) God:    Ignis [*****.]
Gold:   164        SH:  0    Dex: 10 (13) Spells: 3/3 levels left

rFire   + . .      SeeInvis .   h - +0 spear
rCold   . . .      Faith    .   (no shield)
rNeg    . . .      Spirit   .   b - +0 leather armour
rPois   .          Reflect  .   (no helmet)
rElec   .          Harm     .   (no cloak)
rCorr   .          Rampage  .   (no gloves)
Will    .....                   (no boots)
Stlth   +.........              (no amulet)
HPRegen 0.10/turn               (no ring)
MPRegen 0.09/turn               (no ring)

@: no status effects
A: slimy green scales 2, powered by death 1
a: Renounce Religion, Fiery Armour, Foxfire Swarm, Rising Flame


You were on level 3 of the Dungeon.
You worshipped Ignis.
Ignis was extremely pleased with you.
You visited 1 branch of the dungeon, and saw 3 of its levels.

You collected 164 gold pieces.

Inventory:

Hand Weapons
 a - a +0 club
 h - a +0 spear (weapon)
Armour
 b - a +0 leather armour (worn)
Jewellery
 m - an amulet of regeneration
Wands
 c - a wand of flame (14) (quivered)
 d - a wand of charming (15)
 e - a wand of iceblast (9)
Scrolls
 i - a scroll of immolation {unknown}
 j - a scroll of amnesia {unknown}
 n - a scroll of brand weapon {unknown}
 o - 2 scrolls of identify {unknown}
 p - a scroll of enchant armour {unknown}
 q - a scroll of fog {unknown}
 r - 2 scrolls of magic mapping {unknown}
 s - a scroll of enchant weapon {unknown}
 u - a scroll of silence {unknown}
Potions
 f - a potion of degeneration
 g - a potion of curing
 k - 3 potions of flight {unknown}
 l - a potion of magic {unknown}
 t - a potion of berserk rage {unknown}
 v - a potion of ambrosia {unknown}
 w - a potion of might {unknown}


   Skills:
 - Level 1.0 Fighting
 - Level 1.7 Armour
 - Level 0.8 Dodging
 - Level 0.8 Stealth
 + Level 5.0 Evocations


You had 3 spell levels left.
You didn't know any spells.
Your spell library contained the following spells:

 Spells                   Type           Power      Damage    Failure   Level
 Animate Armour           Summ/Erth      0%         N/A       99%         4
 Blade Hands              Tmut           0%         N/A       100%        5
 Iron Shot                Conj/Erth      0%         9d1       100%        6


Dungeon Overview and Level Annotations

Branches:
Dungeon (3/15)

Altars:
Hepliaklqana
Yredelemnul
Ignis

Shops:
D:2 (


Innate Abilities, Weirdness & Mutations

You are mostly covered in slimy green scales. (AC +3)
You regenerate a little health from kills.


Message History

The orc hits you but does no damage. x2
You hit the orc but do no damage. Your punch misses the orc.
The orc is heavily wounded.
The orc wizard gestures at you while chanting.
The magic dart hits you. The orc closely misses you.
You hit the orc but do no damage.
The orc is heavily wounded.
A goblin comes into view. It is wielding a +0 dagger.
The rat misses you. The orc hits you but does no damage.
The orc wizard gestures wildly while chanting.
The orc wizard flickers and vanishes!
Deactivating autopickup; reactivate with Ctrl-A.
The orc hits you but does no damage. The orc hits you with a +0 short sword.
The rat closely misses you. The orc misses you.
You closely miss the orc.
The orc is heavily wounded.
The rat bites you but does no damage. The orc hits you but does no damage.
The orc hits you with a +0 short sword.
You barely miss the orc.
The orc is heavily wounded.
The rat closely misses you. The orc barely misses you.
The orc wizard casts a spell at you. The magic dart hits you.
You hear some strange, mumbled words.
A puff of flame appears from out of thin air!
The puff of flame hits you. You resist.
* * * LOW HITPOINT WARNING * * *
The orc hits you with a +0 short sword.
* * * LOW HITPOINT WARNING * * *
You are too injured to fight recklessly!
You are too injured to fight recklessly!
Activating: Foxfire Swarm
Press: ? - help, Dir - look around, f - activate Flames leap up around you!
The rat bites you.
* * * LOW HITPOINT WARNING * * *
The orc hits you with a +0 club.
* * * LOW HITPOINT WARNING * * *
The orc wizard casts a spell at you. The magic dart hits you.
You die...

... .... #.#
#..# #.# #..#
##.## #..# #
##...###..#
#.#vvvvv##..#
#.#..vrovv.#..#
....go{@vv.†..#
..#..voovv.#.##
#.#vvvvv##.#
........###.#
....###### #.#
###########.#
#).>.......#
...#
#.##########
#..# #)#


You could see an orc wizard (ally target), 3 orcs, a goblin and a rat (ally
target).

Vanquished Creatures
  A gnoll (D:1)
  2 adders (D:3)
  A worm (D:2)
  A dart slug (D:3)
  4 ball pythons
  4 endoplasms
  A giant cockroach (D:3)
  7 goblins
  3 hobgoblins
  2 jackals (D:3)
  3 quokkas
  5 bats (D:1)
  2 frilled lizards (D:1)
  3 rats (D:1)
39 creatures vanquished.

Notes
Turn   | Place    | Note
-------+----------+-------------------------------------------
     0 | D:1      | blackman the Demonspawn Artificer began the quest for the
                  | Orb.
     0 | D:1      | Reached XP level 1. HP: 15/15 MP: 1/1
   286 | D:1      | Gained mutation: You are partially covered in slimy green
                  | scales. (AC +2) [demonic ancestry]
   286 | D:1      | Reached XP level 2. HP: 9/21 MP: 2/2
   584 | D:1      | Reached skill level 4 in Evocations
  1370 | D:2      | Gained mutation: You regenerate a little health from kills.
                  | [demonic ancestry]
  1370 | D:2      | Reached XP level 3. HP: 5/26 MP: 3/3
  1758 | D:2      | Found Yleps's Antique Weapon Shoppe.
  2481 | D:2      | Found a faded altar of an unknown god.
  2485 | D:2      | Prayed at the altar of an unknown god.
  2485 | D:2      | Became a worshipper of Ignis, the Dying Flame
  2649 | D:3      | Found a hazy altar of Hepliaklqana.
  2902 | D:3      | Found a basalt altar of Yredelemnul.
  3047 | D:3      | Gained mutation: You are mostly covered in slimy green
                  | scales. (AC +3) [demonic ancestry]
  3047 | D:3      | Reached XP level 4. HP: 22/32 MP: 4/4
  3158 | D:3      | Reached skill level 5 in Evocations
  3171 | D:3      | Killed from afar by an orc wizard

Illustrated notes

Levels and vault maps discovered:
D:1:      eino_arrival_cavern_b, layout_loops_corners
D:2:      layout_basic, hellmonk_ecumenical_altar_leap_of_faith, serial_shops,
          shop_fountains
D:3:      layout_loops_ring, mainiacjoe_overflow_catwalk_spiral,
          minmay_fractal_squares_5

Skill      XL: |  1  2  3  4 |
---------------+-------------+-----
Evocations     | 4 5 |  5.0
Fighting       | |  1.0
Armour         | |  1.7
Dodging        | |  0.8
Stealth        | |  0.8

Action                   |  1- 3 |  4- 6 || total
-------------------------+-------+-------++-------
Melee: Club              |    16 |       ||    16
       Spear             |   136 |    12 ||   148
       Punch             |     2 |       ||     2
Invok: Foxfire Swarm     |       |     1 ||     1
Evoke: Wand              |     1 |       ||     1
  Use: Potion            |     2 |       ||     2
 Stab: Sleeping          |     5 |       ||     5
       Distracted        |     1 |       ||     1
Armor: Leather armour    |    48 |     9 ||    57
Dodge: Dodged            |    86 |     7 ||    93

Table legend: (Time is in decaauts)
 A = Elapsed time spent in this place.
 B = Non-inter-level travel time spent in this place.
 C = Inter-level travel time spent in this place.
 D = Time resting spent in this place.
 E = Time spent auto-exploring this place.
 F = Levels seen in this place.
 G = Mean time per level.
                   A        B        C        D        E       F      G
               +--------+--------+--------+--------+--------+-----+--------+
         Total |   3190 |   3077 |    113 |      0 |   2653 |   3 | 1063.3 |
       Dungeon |   3190 |   3077 |    113 |      0 |   2653 |   3 | 1063.3 |
               +--------+--------+--------+--------+--------+-----+--------+

Top non-repeatable levels by time:
     D:2: 1344 daAuts
     D:1: 1318 daAuts
     D:3: 528 daAuts
